Colorado Rockies vs New York Rangers

Created - Wednesday, September 17, 2025 at 07:38

Goals
1 2 3 T
Colorado Rockies 0 1 2 3
New York Rangers 0 1 0 1
Shots
1 2 3 T
Colorado Rockies 15 15 9 39
New York Rangers 14 8 6 28

1st period

No Goal

Penalties :
Marcus Foligno (NYR) for Roughing (Minor) at 0:46, Jake Walman (NYR) for Slashing (Minor) at 10:55, Dmitry Kulikov (NYR) for Slashing (Minor) at 18:29

2nd period

1. New York Rangers , Timo Meier 10 (Mikael Granlund 24) at 2:11
2. Colorado Rockies , David Pastrnak 16 (Victor Hedman 18) at 2:28

Penalties :
Zach Whitecloud (COL) for Elbowing (Minor) at 10:34, Jesper Bratt (COL) for Roughing (Minor) at 14:37, Andrew Peeke (COL) for Tripping (Minor) at 15:18

3rd period

3. Colorado Rockies , Kevin Hayes 3 (Nick Schmaltz 12, Quinn Hughes 6) at 7:52
4. Colorado Rockies , Nikita Kucherov 16 (Tim Stutzle 21, Martin Fehervary 15) at 19:13 (Empty Net)

Penalties :
Adam Larsson (NYR) for Tripping (Minor) at 9:05, Mikael Granlund (NYR) for Tripping (Minor) at 10:29, Nick Bonino (COL) for Cross-checking (Minor) at 13:13

Goalie Stats

Daniil Tarasov (COL), 27 saves from 28 shots - (0.964), W, 3-6-3, 60:00 minutes
Igor Shesterkin (NYR), 36 saves from 38 shots - (0.947), L, 17-12-2, 59:22 minutes

Players Stats for Colorado Rockies

Player Name              G  A  P  +/- PIM S  H  SB GA TA FO     MP     PP MP  PK MP  
------------------------------------------------------------------------------------
Andrew Peeke             0  0  0   1  2   3  1  1  0  0  0/0    20:46   4:23   2:12 
David Pastrnak           1  0  1   1  0   3  0  0  0  0  0/0    16:03   4:36   0:00 
Evgeny Kuznetsov         0  0  0   0  0   0  1  0  0  0  2/10   10:47   0:00   0:00 
Jesper Bratt             0  0  0   1  2   2  1  0  0  0  0/1    16:09   4:36   0:07 
Kevin Hayes              1  0  1   1  0   1  2  0  0  0  2/4    13:29   0:00   3:07 
Kyle Connor              0  0  0   0  0   1  1  0  1  0  0/0    18:11   4:44   2:42 
Kyle Palmieri            0  0  0   1  0   1  5  1  0  0  4/12   16:03   4:36   0:00 
Martin Fehervary         0  1  1   1  0   3  0  3  0  1  0/0    25:22   4:57   3:29 
Michael Bunting          0  0  0   1  0   0  2  0  0  0  0/0    13:41   0:00   2:38 
Nick Bonino              0  0  0   0  2   0  1  0  1  0  1/1    11:22   0:00   0:00 
Nick Schmaltz            0  1  1   1  0   5  0  0  0  0  1/9    14:10   0:00   3:07 
Nikita Kucherov          1  0  1   0  0   7  1  0  0  0  0/0    15:28   4:44   0:00 
Philipp Kurashev         0  0  0   0  0   2  1  1  0  0  0/0    10:47   0:00   0:00 
Quinn Hughes             0  1  1   1  0   5  1  0  0  0  0/0    21:45   4:23   3:11 
Tim Stutzle              0  1  1   0  0   3  3  0  0  0  5/12   15:45   4:44   0:17 
Victor Hedman            0  1  1   1  0   1  3  1  0  0  0/0    25:19   4:57   3:27 
Vince Dunn               0  0  0   0  0   2  1  0  0  1  0/0    12:56   0:00   0:00 
Zach Whitecloud          0  0  0   0  2   0  1  0  0  0  0/0    13:57   0:00   0:56 

Players Stats for New York Rangers

Player Name              G  A  P  +/- PIM S  H  SB GA TA FO     MP     PP MP  PK MP  
------------------------------------------------------------------------------------
Adam Larsson             0  0  0  -2  2   3  5  0  0  0  0/0    20:52   0:00   5:04 
Artemi Panarin           0  0  0  -3  0   4  0  0  0  0  0/2    18:26   3:36   0:04 
Cam Fowler               0  0  0  -1  0   2  0  2  0  0  0/0    18:40   2:44   1:21 
Cole Caufield            0  0  0  -3  0   2  1  0  1  0  0/0    19:07   3:36   0:42 
Conor Garland            0  0  0   0  0   1  1  0  0  0  1/1    16:07   3:02   0:00 
David Kampf              0  0  0   0  0   0  0  0  0  0  3/5    11:08   0:00   4:25 
Dmitry Kulikov           0  0  0   0  2   1  3  0  0  0  0/0    17:07   0:00   4:02 
Dylan Strome             0  0  0   0  0   0  1  0  1  0  6/9    16:07   3:02   0:00 
Jake Walman              0  0  0  -3  2   1  2  4  0  0  0/0    22:52   3:54   2:49 
Luke Schenn              0  0  0   1  0   0  0  0  0  0  0/0    13:32   0:00   0:11 
Marcus Foligno           0  0  0   1  2   2  1  1  0  0  2/2    12:43   0:00   3:30 
Mikael Granlund          0  1  1   0  2   4  2  2  0  1  3/5    21:05   3:54   3:39 
Nathan MacKinnon         0  0  0  -3  0   1  1  1  0  1  15/18  18:22   3:36   0:00 
Noel Acciari             0  0  0   0  0   0  1  0  0  0  2/2     6:45   0:00   0:03 
Olli Maatta              0  0  0   1  0   0  0  1  0  0  0/0    19:47   0:00   5:14 
Teuvo Teravainen         0  0  0   1  0   4  0  0  0  0  1/4    12:10   2:44   0:00 
Timo Meier               1  0  1   1  0   3  1  0  0  0  1/1    13:40   3:02   1:19 
Tyler Motte              0  0  0   0  0   0  0  1  0  0  0/0    11:30   0:00   4:21 

3 Stars

1 - Daniil Tarasov (COL)
2 - Kevin Hayes (COL)
3 - Igor Shesterkin (NYR)

Power Play

Colorado Rockies - 0 on 5 Attempt(s) - 0.00%
New York Rangers - 0 on 4 Attempt(s) - 0.00%

Penalty Kill

Colorado Rockies - 4 on 4 Attempt(s) - 100.00% - Score 0 goal in Penalty Kill
New York Rangers - 5 on 5 Attempt(s) - 100.00% - Score 0 goal in Penalty Kill

Team Stat

Colorado Rockies - Hits : 25 - Faceoff Wins : 15 - Blocked Shots : 7 - Penalty Minutes : 8
New York Rangers - Hits : 19 - Faceoff Wins : 34 - Blocked Shots : 12 - Penalty Minutes : 10

Official

Referees : Cody Beach and Reid Anderson
Linesman : Mitchell Hunt and CJ Murray

Game Notes

Nikita Kucherov has scored in a empty net!

Finance

Level 1 -- Attendance: 6000 (100.00%) -- Ticket Income $570,000
Level 2 -- Attendance: 3506 (70.12%) -- Ticket Income $210,360
Level 3 -- Attendance: 2100 (70.00%) -- Ticket Income $79,800
Level 4 -- Attendance: 3772 (75.44%) -- Ticket Income $94,300
Luxury Box -- Attendance: 1000 (100.00%) -- Ticket Income $189,000
Game was played at the Madison Square Garden.
Total Attendance: 16378 (81.89%)
Total Ticket Income: $1,143,460
Other Income: $400,211
Total Income: $1,543,671

Colorado Rockies

5 vs 5 Forward 
   Center                   Left Wing                Right Wing               Time % Phy DF OF 
 1 Tim Stutzle              Kyle Connor              Nikita Kucherov          25     0   0  5  
 2 Kyle Palmieri            Jesper Bratt             David Pastrnak           25     1   2  2  
 3 Nick Schmaltz            Michael Bunting          Kevin Hayes              25     1   2  2  
 4 Evgeny Kuznetsov         Nick Bonino              Philipp Kurashev         25     5   0  0  

5 vs 5 Defense 
   Defense                  Defense                                           Time % Phy DF OF 
 1 Victor Hedman            Martin Fehervary                                  30     1   2  2  
 2 Quinn Hughes             Andrew Peeke                                      30     1   2  2  
 3 Vince Dunn               Zach Whitecloud                                   25     1   2  2  
 4 Victor Hedman            Martin Fehervary                                  15     1   2  2  

PowerPlay Forward 
   Center                   Left Wing                Right Wing               Time % Phy DF OF 
 1 Tim Stutzle              Kyle Connor              Nikita Kucherov          50     1   2  2  
 2 Kyle Palmieri            Jesper Bratt             David Pastrnak           50     1   2  2  

PowerPlay Defense
   Defense                  Defense                                           Time % Phy DF OF 
 1 Victor Hedman            Martin Fehervary                                  50     1   2  2  
 2 Quinn Hughes             Andrew Peeke                                      50     1   2  2  

Penalty Kill 4 Players Forward 
   Center                   Wing                     Time % Phy DF OF 
 1 Nick Schmaltz            Michael Bunting          50     1   2  2  
 2 Kevin Hayes              Kyle Connor              50     1   2  2  

Penalty Kill 4 Players Defense
   Defense                  Defense                  Time % Phy DF OF 
 1 Victor Hedman            Martin Fehervary         50     1   2  2  
 2 Quinn Hughes             Andrew Peeke             50     1   2  2  

Penalty Kill - 3 Players Forward 
   Forward                                           Time % Phy DF OF 
 1 Kevin Hayes                                       50     1   2  2  
 2 Nick Schmaltz                                     50     1   2  2  

Penalty Kill - 3 Players Defense
   Defense                  Defense                  Time % Phy DF OF 
 1 Victor Hedman            Martin Fehervary         50     1   2  2  
 2 Quinn Hughes             Andrew Peeke             50     1   2  2  

4 vs 4 Forward 
   Center                   Wing                     Time % Phy DF OF 
 1 Tim Stutzle              Nikita Kucherov          50     1   2  2  
 2 Kyle Palmieri            Kyle Connor              50     1   2  2  

4 vs 4 Defense
   Defense                  Defense                  Time % Phy DF OF 
 1 Victor Hedman            Martin Fehervary         50     1   2  2  
 2 Quinn Hughes             Andrew Peeke             50     1   2  2  

Last Minutes Offensive
   Center                   Left Wing                Right Wing               Defense                  Defense                  
   Tim Stutzle              Kyle Connor              Nikita Kucherov          Victor Hedman            Martin Fehervary         

Last Minutes Defensive
   Center                   Left Wing                Right Wing               Defense                  Defense                  
   Tim Stutzle              Kyle Connor              Nikita Kucherov          Victor Hedman            Martin Fehervary         

Goaltenders
Starting : Daniil Tarasov           
Backup : Joey Daccord             

Extra Forwards
Normal : Evgeny Kuznetsov, Nick Schmaltz, Michael Bunting - PP : Evgeny Kuznetsov, Nick Schmaltz - PK : Michael Bunting
Extra Defensemen
Normal : Vince Dunn, Zach Whitecloud, Quinn Hughes - PP : Vince Dunn - PK : Zach Whitecloud, Quinn Hughes
Penalty Shots
Nikita Kucherov, Tim Stutzle, David Pastrnak, Kyle Connor, Jesper Bratt

Scratches
Timothy Liljegren (Healthy)

New York Rangers

5 vs 5 Forward 
   Center                   Left Wing                Right Wing               Time % Phy DF OF 
 1 Nathan MacKinnon         Cole Caufield            Artemi Panarin           38     0   2  3  
 2 Dylan Strome             Conor Garland            Mikael Granlund          30     1   1  3  
 3 Teuvo Teravainen         Timo Meier               Marcus Foligno           22     1   2  2  
 4 Noel Acciari             David Kampf              Tyler Motte              10     1   3  1  

5 vs 5 Defense 
   Defense                  Defense                                           Time % Phy DF OF 
 1 Jake Walman              Adam Larsson                                      36     1   2  2  
 2 Olli Maatta              Luke Schenn                                       34     1   2  2  
 3 Cam Fowler               Dmitry Kulikov                                    30     1   2  2  
 4 Jake Walman              Adam Larsson                                      0      1   2  2  

PowerPlay Forward 
   Center                   Left Wing                Right Wing               Time % Phy DF OF 
 1 Nathan MacKinnon         Cole Caufield            Artemi Panarin           60     0   1  4  
 2 Dylan Strome             Timo Meier               Conor Garland            40     0   1  4  

PowerPlay Defense
   Defense                  Defense                                           Time % Phy DF OF 
 1 Mikael Granlund          Jake Walman                                       60     1   1  3  
 2 Cam Fowler               Teuvo Teravainen                                  40     1   1  3  

Penalty Kill 4 Players Forward 
   Center                   Wing                     Time % Phy DF OF 
 1 David Kampf              Marcus Foligno           50     1   3  1  
 2 Mikael Granlund          Tyler Motte              50     1   3  1  

Penalty Kill 4 Players Defense
   Defense                  Defense                  Time % Phy DF OF 
 1 Jake Walman              Dmitry Kulikov           50     1   3  1  
 2 Adam Larsson             Olli Maatta              50     1   3  1  

Penalty Kill - 3 Players Forward 
   Forward                                           Time % Phy DF OF 
 1 Noel Acciari                                      50     1   4  0  
 2 Mikael Granlund                                   50     1   4  0  

Penalty Kill - 3 Players Defense
   Defense                  Defense                  Time % Phy DF OF 
 1 Dmitry Kulikov           Jake Walman              50     1   3  1  
 2 Adam Larsson             Olli Maatta              50     1   3  1  

4 vs 4 Forward 
   Center                   Wing                     Time % Phy DF OF 
 1 Nathan MacKinnon         Mikael Granlund          50     1   2  2  
 2 Artemi Panarin           Cole Caufield            50     1   2  2  

4 vs 4 Defense
   Defense                  Defense                  Time % Phy DF OF 
 1 Olli Maatta              Adam Larsson             50     1   2  2  
 2 Jake Walman              Luke Schenn              50     1   2  2  

Last Minutes Offensive
   Center                   Left Wing                Right Wing               Defense                  Defense                  
   Nathan MacKinnon         Cole Caufield            Artemi Panarin           Cam Fowler               Jake Walman              

Last Minutes Defensive
   Center                   Left Wing                Right Wing               Defense                  Defense                  
   Noel Acciari             Mikael Granlund          Marcus Foligno           Jake Walman              Adam Larsson             

Goaltenders
Starting : Igor Shesterkin          
Backup : Kevin Lankinen           

Extra Forwards
Normal : Dylan Strome, Teuvo Teravainen, Mikael Granlund - PP : Dylan Strome, Teuvo Teravainen - PK : Mikael Granlund
Extra Defensemen
Normal : Cam Fowler, Dmitry Kulikov, Jake Walman - PP : Cam Fowler - PK : Dmitry Kulikov, Jake Walman
Penalty Shots
Nathan MacKinnon, Artemi Panarin, Cole Caufield, Mikael Granlund, Teuvo Teravainen

Scratches
Nicolas Hague (Healthy)

% Time on Ice - Colorado Rockies

Lines # - Real PCT - Wanted PCT - Time Play
Normal Forward
1 - 25% - 25% - 11:04
2 - 26% - 25% - 11:28
3 - 24% - 25% - 10:21
4 - 25% - 25% - 10:47
Normal Defense
1 - 29% - 30% - 12:35
2 - 32% - 30% - 14:11
3 - 30% - 25% - 12:56
4 - 9% - 15% - 3:58
PP Forward
1 - 51% - 50% - 4:44
2 - 49% - 50% - 4:36
PP Defense
1 - 53% - 50% - 4:57
2 - 47% - 50% - 4:23
PK Forward
1 - 49% - 50% - 2:38
2 - 51% - 50% - 2:42
PK Defense
1 - 55% - 50% - 2:55
2 - 45% - 50% - 2:25
PK3 Forward
1 - 54% - 50% - 0:42
2 - 46% - 50% - 0:36
PK3 Defense
1 - 41% - 50% - 0:32
2 - 59% - 50% - 0:46
44 Forward
1 - 0% - 50%
2 - 0% - 50%
44 Defense
1 - 0% - 50%
2 - 0% - 50%
Last Minute Offensive  - 0:00
Last Minute Defensive  - 0:22
Total
Forward - 60:00
Defense - 60:00

% Time on Ice - New York Rangers

Lines # - Real PCT - Wanted PCT - Time Play
Normal Forward
1 - 33% - 38% - 14:24
2 - 31% - 30% - 13:20
3 - 21% - 22% - 9:13
4 - 15% - 10% - 6:42
Normal Defense
1 - 36% - 36% - 15:47
2 - 35% - 34% - 15:29
3 - 28% - 30% - 12:23
4 - 0% - 0% - 0:00
PP Forward
1 - 54% - 60% - 3:36
2 - 46% - 40% - 3:02
PP Defense
1 - 59% - 60% - 3:54
2 - 41% - 40% - 2:44
PK Forward
1 - 50% - 50% - 4:21
2 - 50% - 50% - 4:24
PK Defense
1 - 47% - 50% - 4:06
2 - 53% - 50% - 4:39
PK3 Forward
1 - 9% - 50% - 0:03
2 - 91% - 50% - 0:32
PK3 Defense
1 - 0% - 50% - 0:00
2 - 100% - 50% - 0:35
44 Forward
1 - 0% - 50%
2 - 0% - 50%
44 Defense
1 - 0% - 50%
2 - 0% - 50%
Last Minute Offensive  - 0:23
Last Minute Defensive  - 0:00
Total
Forward - 60:00
Defense - 60:00

Play-by-Play

1st period


0:01 of 1st period - Nathan MacKinnon wins face-off versus Tim Stutzle in neutral zone.
0:04 of 1st period - Martin Fehervary is hit by Adam Larsson and loses puck.
0:11 of 1st period - Backhand shot by Artemi Panarin.
0:11 of 1st period - Stopped by Daniil Tarasov with a rebound.
0:13 of 1st period - Slapshot by Jake Walman.
0:13 of 1st period - Shot Misses the Net.
0:15 of 1st period - Slapshot by Adam Larsson.
0:15 of 1st period - Stopped by Daniil Tarasov with a rebound.
0:17 of 1st period - Slapshot by Jake Walman.
0:17 of 1st period - Deflect By Victor Hedman.
0:17 of 1st period - Stopped by Daniil Tarasov without a rebound.
0:18 of 1st period - Dylan Strome wins face-off versus Jesper Bratt in Colorado Rockies zone.
0:31 of 1st period - Snap shot by David Pastrnak.
0:31 of 1st period - Shot Blocked by Olli Maatta.
0:46 of 1st period - Minor Penalty to Marcus Foligno for Roughing.
0:47 of 1st period - David Kampf wins face-off versus Tim Stutzle in New York Rangers zone.
0:47 of 1st period - David Kampf is hit by Victor Hedman.
0:56 of 1st period - Off-side.
0:57 of 1st period - Tim Stutzle wins face-off versus Mikael Granlund in neutral zone.
1:56 of 1st period - Snap shot by Tim Stutzle.
1:56 of 1st period - Shot Misses the Net.
1:58 of 1st period - Slapshot by Victor Hedman.
1:58 of 1st period - Deflect By Tim Stutzle.
1:58 of 1st period - Shot Blocked by Tyler Motte.
1:58 of 1st period - Puck is out of play.
1:59 of 1st period - David Kampf wins face-off versus Kyle Palmieri in New York Rangers zone.
2:08 of 1st period - Jake Walman is hit by Jesper Bratt and loses puck.
2:15 of 1st period - Snap shot by David Pastrnak.
2:15 of 1st period - Stopped by Igor Shesterkin with a rebound.
2:46 of 1st period - Penalty to Marcus Foligno is over, Marcus Foligno is back on ice.
3:14 of 1st period - Olli Maatta is hit by Zach Whitecloud and loses puck.
3:35 of 1st period - Wrist shot by Timo Meier.
3:35 of 1st period - Stopped by Daniil Tarasov with a rebound.
3:37 of 1st period - Slapshot by Luke Schenn.
3:37 of 1st period - Shot Misses the Net.
4:29 of 1st period - Snap shot by Teuvo Teravainen.
4:29 of 1st period - Shot Blocked by Philipp Kurashev.
4:31 of 1st period - Wrist shot by Marcus Foligno.
4:31 of 1st period - Stopped by Daniil Tarasov with a rebound.
5:27 of 1st period - Slapshot by Vince Dunn.
5:27 of 1st period - Stopped by Igor Shesterkin without a rebound.
5:28 of 1st period - Teuvo Teravainen wins face-off versus Evgeny Kuznetsov in New York Rangers zone.
6:30 of 1st period - Mikael Granlund is hit by Victor Hedman.
8:16 of 1st period - Snap shot by Michael Bunting.
8:16 of 1st period - Shot Blocked by Jake Walman.
8:18 of 1st period - Slapshot by Vince Dunn.
8:18 of 1st period - Shot Blocked by Jake Walman.
8:20 of 1st period - Slapshot by Zach Whitecloud.
8:20 of 1st period - Deflect By Nick Schmaltz.
8:20 of 1st period - Stopped by Igor Shesterkin without a rebound.
8:21 of 1st period - Dylan Strome wins face-off versus Evgeny Kuznetsov in New York Rangers zone.
9:16 of 1st period - Snap shot by David Pastrnak.
9:16 of 1st period - Shot Misses the Net.
9:18 of 1st period - Snap shot by Martin Fehervary.
9:18 of 1st period - Deflect By Timo Meier.
9:18 of 1st period - Stopped by Igor Shesterkin without a rebound.
9:19 of 1st period - Dylan Strome wins face-off versus Kyle Palmieri in New York Rangers zone.
9:36 of 1st period - Snap shot by Mikael Granlund.
9:36 of 1st period - Stopped by Daniil Tarasov with a rebound.
9:44 of 1st period - Snap shot by Jesper Bratt.
9:44 of 1st period - Stopped by Igor Shesterkin with a rebound.
10:32 of 1st period - Snap shot by Nathan MacKinnon.
10:32 of 1st period - Stopped by Daniil Tarasov without a rebound.
10:33 of 1st period - Conor Garland wins face-off versus Tim Stutzle in Colorado Rockies zone.
10:34 of 1st period - Wrist shot by Mikael Granlund.
10:34 of 1st period - Stopped by Daniil Tarasov with a rebound.
10:40 of 1st period - Jake Walman is hit by Tim Stutzle and loses puck.
10:45 of 1st period - Snap shot by Nikita Kucherov.
10:45 of 1st period - Stopped by Igor Shesterkin with a rebound.
10:55 of 1st period - Minor Penalty to Jake Walman for Slashing.
10:56 of 1st period - Tim Stutzle wins face-off versus David Kampf in New York Rangers zone.
11:21 of 1st period - Kyle Connor is hit by Dmitry Kulikov and loses puck.
11:50 of 1st period - Slapshot by Nikita Kucherov.
11:50 of 1st period - Stopped by Igor Shesterkin with a rebound.
11:52 of 1st period - Snap shot by Tim Stutzle.
11:52 of 1st period - Stopped by Igor Shesterkin with a rebound.
11:54 of 1st period - Slapshot by Andrew Peeke.
11:54 of 1st period - Stopped by Igor Shesterkin with a rebound.
11:56 of 1st period - Snap shot by Nikita Kucherov.
11:56 of 1st period - Stopped by Igor Shesterkin with a rebound.
12:55 of 1st period - Penalty to Jake Walman is over, Jake Walman is back on ice.
13:04 of 1st period - Olli Maatta is hit by Victor Hedman and loses puck.
13:09 of 1st period - Slapshot by Victor Hedman.
13:09 of 1st period - Shot Misses the Net.
13:11 of 1st period - Slapshot by Martin Fehervary.
13:11 of 1st period - Stopped by Igor Shesterkin with a rebound.
13:13 of 1st period - Slapshot by Victor Hedman.
13:13 of 1st period - Shot Blocked by Cam Fowler.
14:22 of 1st period - Off-side.
14:23 of 1st period - Marcus Foligno wins face-off versus Evgeny Kuznetsov in neutral zone.
14:28 of 1st period - Quinn Hughes is hit by Adam Larsson and loses puck.
15:05 of 1st period - Tim Stutzle is hit by Jake Walman and loses puck.
15:16 of 1st period - Slapshot by Tim Stutzle.
15:16 of 1st period - Stopped by Igor Shesterkin with a rebound.
15:18 of 1st period - Wrist shot by Nikita Kucherov.
15:18 of 1st period - Stopped by Igor Shesterkin without a rebound.
15:19 of 1st period - Nathan MacKinnon wins face-off versus Evgeny Kuznetsov in New York Rangers zone.
15:24 of 1st period - Wrist shot by Nathan MacKinnon.
15:24 of 1st period - Shot Misses the Net.
15:26 of 1st period - Slapshot by Dmitry Kulikov.
15:26 of 1st period - Stopped by Daniil Tarasov with a rebound.
15:32 of 1st period - Snap shot by Artemi Panarin.
15:32 of 1st period - Shot Misses the Net.
15:34 of 1st period - Backhand shot by Dmitry Kulikov.
15:34 of 1st period - Shot Misses the Net.
15:46 of 1st period - Timo Meier is hit by Tim Stutzle and loses puck.
16:18 of 1st period - Jake Walman is hit by Michael Bunting and loses puck.
16:46 of 1st period - Snap shot by Cole Caufield.
16:46 of 1st period - Stopped by Daniil Tarasov with a rebound.
17:00 of 1st period - Vince Dunn is hit by Dmitry Kulikov and loses puck.
17:07 of 1st period - Tyler Motte is hit by Philipp Kurashev and loses puck.
17:26 of 1st period - Wrist shot by Teuvo Teravainen.
17:26 of 1st period - Stopped by Daniil Tarasov without a rebound.
17:27 of 1st period - Tim Stutzle wins face-off versus Teuvo Teravainen in Colorado Rockies zone.
17:35 of 1st period - Wrist shot by Teuvo Teravainen.
17:35 of 1st period - Shot Misses the Net.
17:45 of 1st period - Wrist shot by Timo Meier.
17:45 of 1st period - Shot Misses the Net.
17:51 of 1st period - Slapshot by Teuvo Teravainen.
17:51 of 1st period - Stopped by Daniil Tarasov with a rebound.
17:55 of 1st period - Snap shot by Teuvo Teravainen.
17:55 of 1st period - Shot Misses the Net.
17:57 of 1st period - Slapshot by Adam Larsson.
17:57 of 1st period - Deflect By Tim Stutzle.
17:57 of 1st period - Stopped by Daniil Tarasov with a rebound.
17:59 of 1st period - Snap shot by Teuvo Teravainen.
17:59 of 1st period - Shot Misses the Net.
18:01 of 1st period - Slapshot by Adam Larsson.
18:01 of 1st period - Stopped by Daniil Tarasov with a rebound.
18:03 of 1st period - Slapshot by Teuvo Teravainen.
18:03 of 1st period - Deflect By Nikita Kucherov.
18:03 of 1st period - Shot Misses the Net.
18:03 of 1st period - Puck is out of play.
18:04 of 1st period - Nathan MacKinnon wins face-off versus Nick Schmaltz in Colorado Rockies zone.
18:29 of 1st period - Minor Penalty to Dmitry Kulikov for Slashing.
18:30 of 1st period - Mikael Granlund wins face-off versus Kyle Palmieri in New York Rangers zone.
18:46 of 1st period - Icing by Jesper Bratt.
18:47 of 1st period - Mikael Granlund wins face-off versus Kyle Palmieri in Colorado Rockies zone.
19:12 of 1st period - Snap shot by Jesper Bratt.
19:12 of 1st period - Shot Misses the Net.
19:14 of 1st period - Slapshot by Martin Fehervary.
19:14 of 1st period - Stopped by Igor Shesterkin with a rebound.
19:16 of 1st period - Snap shot by Jesper Bratt.
19:16 of 1st period - Deflect By David Pastrnak.
19:16 of 1st period - Shot Misses the Net.
19:16 of 1st period - Puck is out of play.
19:17 of 1st period - Tim Stutzle wins face-off versus David Kampf in New York Rangers zone.
19:18 of 1st period - Wrist shot by Nikita Kucherov.
19:18 of 1st period - Stopped by Igor Shesterkin with a rebound.
Goals for this period are 0 for Colorado Rockies vs 0 for New York Rangers.
Shots for this period are 15 for Colorado Rockies vs 14 for New York Rangers.

2nd period


0:01 of 2nd period - Mikael Granlund wins face-off versus Kyle Palmieri in neutral zone.
0:12 of 2nd period - Snap shot by David Pastrnak.
0:12 of 2nd period - Stopped by Igor Shesterkin with a rebound.
0:29 of 2nd period - Penalty to Dmitry Kulikov is over, Dmitry Kulikov is back on ice.
0:45 of 2nd period - Off-side.
0:46 of 2nd period - Nathan MacKinnon wins face-off versus Nick Schmaltz in neutral zone.
0:49 of 2nd period - Wrist shot by Artemi Panarin.
0:49 of 2nd period - Shot Misses the Net.
1:37 of 2nd period - Snap shot by Teuvo Teravainen.
1:37 of 2nd period - Stopped by Daniil Tarasov with a rebound.
1:39 of 2nd period - Wrist shot by Marcus Foligno.
1:39 of 2nd period - Shot Misses the Net.
1:41 of 2nd period - Slapshot by Cam Fowler.
1:41 of 2nd period - Shot Misses the Net.
1:43 of 2nd period - Slapshot by Cam Fowler.
1:43 of 2nd period - Deflect By Timo Meier.
1:43 of 2nd period - Shot Blocked by Martin Fehervary.
1:43 of 2nd period - Puck is out of play.
1:44 of 2nd period - Nathan MacKinnon wins face-off versus Evgeny Kuznetsov in Colorado Rockies zone.
2:11 of 2nd period - Slapshot by Timo Meier.
2:11 of 2nd period - Goal by Timo Meier - Colorado Rockies : 0 - New York Rangers : 1.
2:12 of 2nd period - Kyle Palmieri wins face-off versus Artemi Panarin in neutral zone.
2:15 of 2nd period - Nathan MacKinnon is hit by Kyle Palmieri.
2:19 of 2nd period - David Pastrnak is hit by Adam Larsson and loses puck.
2:28 of 2nd period - Snap shot by David Pastrnak.
2:28 of 2nd period - Goal by David Pastrnak - Colorado Rockies : 1 - New York Rangers : 1.
2:29 of 2nd period - Evgeny Kuznetsov wins face-off versus Nathan MacKinnon in neutral zone.
2:44 of 2nd period - Wrist shot by Nathan MacKinnon.
2:44 of 2nd period - Shot Misses the Net.
2:46 of 2nd period - Wrist shot by Adam Larsson.
2:46 of 2nd period - Shot Blocked by Victor Hedman.
2:56 of 2nd period - Martin Fehervary is hit by Jake Walman and loses puck.
3:05 of 2nd period - Snap shot by Timo Meier.
3:05 of 2nd period - Shot Misses the Net.
3:49 of 2nd period - Wrist shot by Artemi Panarin.
3:49 of 2nd period - Stopped by Daniil Tarasov with a rebound.
3:51 of 2nd period - Slapshot by Cam Fowler.
3:51 of 2nd period - Stopped by Daniil Tarasov without a rebound.
3:52 of 2nd period - Nathan MacKinnon wins face-off versus Kyle Palmieri in Colorado Rockies zone.
3:53 of 2nd period - Slapshot by Cole Caufield.
3:53 of 2nd period - Deflect By Nathan MacKinnon.
3:53 of 2nd period - Shot Misses the Net.
3:53 of 2nd period - Puck is out of play.
3:54 of 2nd period - Kyle Palmieri wins face-off versus Nathan MacKinnon in Colorado Rockies zone.
3:54 of 2nd period - Kyle Palmieri is hit by Adam Larsson.
4:11 of 2nd period - Snap shot by David Pastrnak.
4:11 of 2nd period - Shot Misses the Net.
4:25 of 2nd period - Wrist shot by Nick Schmaltz.
4:25 of 2nd period - Stopped by Igor Shesterkin without a rebound.
4:26 of 2nd period - Tim Stutzle wins face-off versus Dylan Strome in New York Rangers zone.
4:51 of 2nd period - Nikita Kucherov is hit by Mikael Granlund.
5:23 of 2nd period - Snap shot by Mikael Granlund.
5:23 of 2nd period - Stopped by Daniil Tarasov with a rebound.
5:25 of 2nd period - Slapshot by Cam Fowler.
5:25 of 2nd period - Deflect By Mikael Granlund.
5:25 of 2nd period - Stopped by Daniil Tarasov without a rebound.
5:26 of 2nd period - Nathan MacKinnon wins face-off versus Nick Schmaltz in Colorado Rockies zone.
5:29 of 2nd period - Snap shot by Artemi Panarin.
5:29 of 2nd period - Stopped by Daniil Tarasov with a rebound.
5:39 of 2nd period - Nick Schmaltz is hit by Adam Larsson and loses puck.
6:21 of 2nd period - Snap shot by Philipp Kurashev.
6:21 of 2nd period - Shot Misses the Net.
6:25 of 2nd period - Snap shot by Victor Hedman.
6:25 of 2nd period - Stopped by Igor Shesterkin with a rebound.
8:59 of 2nd period - Nathan MacKinnon is hit by Michael Bunting and loses puck.
9:25 of 2nd period - Snap shot by Artemi Panarin.
9:25 of 2nd period - Shot Misses the Net.
9:39 of 2nd period - Snap shot by Kyle Palmieri.
9:39 of 2nd period - Stopped by Igor Shesterkin with a rebound.
9:41 of 2nd period - Wrist shot by Jesper Bratt.
9:41 of 2nd period - Stopped by Igor Shesterkin with a rebound.
9:43 of 2nd period - Slapshot by Andrew Peeke.
9:43 of 2nd period - Stopped by Igor Shesterkin with a rebound.
9:45 of 2nd period - Snap shot by Quinn Hughes.
9:45 of 2nd period - Deflect By Jake Walman.
9:45 of 2nd period - Stopped by Igor Shesterkin without a rebound.
9:46 of 2nd period - Dylan Strome wins face-off versus Evgeny Kuznetsov in New York Rangers zone.
10:15 of 2nd period - Wrist shot by Kevin Hayes.
10:15 of 2nd period - Deflect By Nick Schmaltz.
10:15 of 2nd period - Stopped by Igor Shesterkin with a rebound.
10:34 of 2nd period - Minor Penalty to Zach Whitecloud for Elbowing.
10:35 of 2nd period - Nathan MacKinnon wins face-off versus Nick Schmaltz in Colorado Rockies zone.
10:47 of 2nd period - Backhand shot by Nathan MacKinnon.
10:47 of 2nd period - Shot Misses the Net.
11:29 of 2nd period - Icing by Teuvo Teravainen.
11:30 of 2nd period - Kevin Hayes wins face-off versus Dylan Strome in New York Rangers zone.
11:57 of 2nd period - Snap shot by Cole Caufield.
11:57 of 2nd period - Deflect By Quinn Hughes.
11:57 of 2nd period - Shot Misses the Net.
11:57 of 2nd period - Puck is out of play.
11:58 of 2nd period - Nathan MacKinnon wins face-off versus Nick Schmaltz in Colorado Rockies zone.
12:34 of 2nd period - Penalty to Zach Whitecloud is over, Zach Whitecloud is back on ice.
12:45 of 2nd period - Slapshot by Quinn Hughes.
12:45 of 2nd period - Stopped by Igor Shesterkin with a rebound.
12:47 of 2nd period - Slapshot by Andrew Peeke.
12:47 of 2nd period - Stopped by Igor Shesterkin without a rebound.
12:48 of 2nd period - Noel Acciari wins face-off versus Evgeny Kuznetsov in New York Rangers zone.
12:59 of 2nd period - Slapshot by Tyler Motte.
12:59 of 2nd period - Shot Misses the Net.
14:03 of 2nd period - Slapshot by Vince Dunn.
14:03 of 2nd period - Stopped by Igor Shesterkin without a rebound.
14:04 of 2nd period - Nick Bonino wins face-off versus Teuvo Teravainen in New York Rangers zone.
14:05 of 2nd period - Snap shot by Quinn Hughes.
14:05 of 2nd period - Shot Blocked by Marcus Foligno.
14:07 of 2nd period - Slapshot by Philipp Kurashev.
14:07 of 2nd period - Stopped by Igor Shesterkin with a rebound.
14:09 of 2nd period - Slapshot by Quinn Hughes.
14:09 of 2nd period - Stopped by Igor Shesterkin with a rebound.
14:11 of 2nd period - Snap shot by Philipp Kurashev.
14:11 of 2nd period - Shot Misses the Net.
14:13 of 2nd period - Wrist shot by Philipp Kurashev.
14:13 of 2nd period - Stopped by Igor Shesterkin with a rebound.
14:35 of 2nd period - Wrist shot by Artemi Panarin.
14:35 of 2nd period - Shot Misses the Net.
14:37 of 2nd period - Minor Penalty to Jesper Bratt for Roughing.
14:38 of 2nd period - Nathan MacKinnon wins face-off versus Kevin Hayes in Colorado Rockies zone.
14:51 of 2nd period - Wrist shot by Artemi Panarin.
14:51 of 2nd period - Shot Misses the Net.
15:18 of 2nd period - Minor Penalty to Andrew Peeke for Tripping.
15:19 of 2nd period - Nathan MacKinnon wins face-off versus Kevin Hayes in Colorado Rockies zone.
15:23 of 2nd period - Snap shot by Artemi Panarin.
15:23 of 2nd period - Stopped by Daniil Tarasov with a rebound.
15:25 of 2nd period - Slapshot by Artemi Panarin.
15:25 of 2nd period - Shot Blocked by Martin Fehervary.
15:57 of 2nd period - Kevin Hayes is hit by Conor Garland and loses puck.
16:22 of 2nd period - Slapshot by Quinn Hughes.
16:22 of 2nd period - Shot Blocked by Cam Fowler.
16:36 of 2nd period - Mikael Granlund is hit by Kevin Hayes and loses puck.
16:37 of 2nd period - Penalty to Jesper Bratt is over, Jesper Bratt is back on ice.
17:18 of 2nd period - Penalty to Andrew Peeke is over, Andrew Peeke is back on ice.
17:31 of 2nd period - Evgeny Kuznetsov is hit by Noel Acciari and loses puck.
Goals for this period are 1 for Colorado Rockies vs 1 for New York Rangers.
Shots for this period are 15 for Colorado Rockies vs 8 for New York Rangers.

3rd period


0:01 of 3rd period - Nathan MacKinnon wins face-off versus Nick Schmaltz in neutral zone.
0:35 of 3rd period - Cam Fowler is hit by Nikita Kucherov and loses puck.
1:01 of 3rd period - Conor Garland is hit by Kyle Palmieri and loses puck.
1:57 of 3rd period - Dylan Strome is hit by Kyle Palmieri and loses puck.
2:02 of 3rd period - Wrist shot by David Pastrnak.
2:02 of 3rd period - Shot Misses the Net.
2:04 of 3rd period - Slapshot by Victor Hedman.
2:04 of 3rd period - Deflect By David Pastrnak.
2:04 of 3rd period - Shot Misses the Net.
2:04 of 3rd period - Puck is out of play.
2:05 of 3rd period - Nathan MacKinnon wins face-off versus Nick Schmaltz in New York Rangers zone.
2:30 of 3rd period - Artemi Panarin is hit by Nick Bonino and loses puck.
3:11 of 3rd period - Wrist shot by Marcus Foligno.
3:11 of 3rd period - Shot Blocked by Andrew Peeke.
3:34 of 3rd period - Slapshot by Quinn Hughes.
3:34 of 3rd period - Stopped by Igor Shesterkin with a rebound.
4:37 of 3rd period - Vince Dunn is hit by Dmitry Kulikov and loses puck.
5:15 of 3rd period - Nathan MacKinnon is hit by Kevin Hayes and loses puck.
5:39 of 3rd period - Timo Meier is hit by Kyle Palmieri and loses puck.
5:52 of 3rd period - Noel Acciari is hit by Tim Stutzle and loses puck.
6:47 of 3rd period - Tyler Motte is hit by Kyle Palmieri and loses puck.
7:12 of 3rd period - Icing by Quinn Hughes.
7:13 of 3rd period - Dylan Strome wins face-off versus Kyle Palmieri in Colorado Rockies zone.
7:14 of 3rd period - Snap shot by Conor Garland.
7:14 of 3rd period - Shot Blocked by Kyle Palmieri.
7:16 of 3rd period - Slapshot by Conor Garland.
7:16 of 3rd period - Stopped by Daniil Tarasov with a rebound.
7:26 of 3rd period - Dylan Strome is hit by Quinn Hughes and loses puck.
7:48 of 3rd period - Wrist shot by Quinn Hughes.
7:48 of 3rd period - Shot Blocked by Nathan MacKinnon.
7:50 of 3rd period - Wrist shot by Nick Schmaltz.
7:50 of 3rd period - Stopped by Igor Shesterkin with a rebound.
7:52 of 3rd period - Wrist shot by Kevin Hayes.
7:52 of 3rd period - Goal by Kevin Hayes - Colorado Rockies : 2 - New York Rangers : 1.
7:53 of 3rd period - Evgeny Kuznetsov wins face-off versus Artemi Panarin in neutral zone.
7:55 of 3rd period - Off-side.
7:56 of 3rd period - Nathan MacKinnon wins face-off versus Evgeny Kuznetsov in neutral zone.
8:01 of 3rd period - Victor Hedman is hit by Nathan MacKinnon and loses puck.
8:08 of 3rd period - Snap shot by Artemi Panarin.
8:08 of 3rd period - Shot Misses the Net.
8:27 of 3rd period - Slapshot by Nick Schmaltz.
8:27 of 3rd period - Stopped by Igor Shesterkin without a rebound.
8:28 of 3rd period - Nathan MacKinnon wins face-off versus Tim Stutzle in New York Rangers zone.
8:28 of 3rd period - Nathan MacKinnon is hit by Kyle Connor.
8:44 of 3rd period - Snap shot by Cole Caufield.
8:44 of 3rd period - Stopped by Daniil Tarasov with a rebound.
9:05 of 3rd period - Minor Penalty to Adam Larsson for Tripping.
9:06 of 3rd period - Kyle Palmieri wins face-off versus Mikael Granlund in New York Rangers zone.
9:28 of 3rd period - Tyler Motte is hit by Andrew Peeke and loses puck.
9:45 of 3rd period - Snap shot by Quinn Hughes.
9:45 of 3rd period - Stopped by Igor Shesterkin without a rebound.
9:46 of 3rd period - David Kampf wins face-off versus Tim Stutzle in New York Rangers zone.
9:51 of 3rd period - Snap shot by Dmitry Kulikov.
9:51 of 3rd period - Shot Blocked by Martin Fehervary.
10:29 of 3rd period - Minor Penalty to Mikael Granlund for Tripping.
10:30 of 3rd period - Noel Acciari wins face-off versus Kyle Palmieri in New York Rangers zone.
11:01 of 3rd period - Slapshot by Nikita Kucherov.
11:01 of 3rd period - Shot Hit the Post.
11:03 of 3rd period - Wrist shot by Kyle Connor.
11:03 of 3rd period - Stopped by Igor Shesterkin with a rebound.
11:05 of 3rd period - Penalty to Adam Larsson is over, Adam Larsson is back on ice.
11:05 of 3rd period - Snap shot by Tim Stutzle.
11:05 of 3rd period - Stopped by Igor Shesterkin without a rebound.
11:06 of 3rd period - Timo Meier wins face-off versus Tim Stutzle in New York Rangers zone.
12:29 of 3rd period - Penalty to Mikael Granlund is over, Mikael Granlund is back on ice.
12:46 of 3rd period - Kevin Hayes is hit by Cole Caufield and loses puck.
13:03 of 3rd period - Wrist shot by Philipp Kurashev.
13:03 of 3rd period - Shot Blocked by Jake Walman.
13:13 of 3rd period - Minor Penalty to Nick Bonino for Cross-checking.
13:14 of 3rd period - Kevin Hayes wins face-off versus Nathan MacKinnon in Colorado Rockies zone.
15:13 of 3rd period - Penalty to Nick Bonino is over, Nick Bonino is back on ice.
15:23 of 3rd period - Nick Bonino is hit by Mikael Granlund and loses puck.
15:29 of 3rd period - Icing by Quinn Hughes.
15:30 of 3rd period - Dylan Strome wins face-off versus Nick Schmaltz in Colorado Rockies zone.
15:41 of 3rd period - Michael Bunting is hit by Dylan Strome and loses puck.
15:59 of 3rd period - Off-side.
16:00 of 3rd period - Marcus Foligno wins face-off versus Tim Stutzle in neutral zone.
16:07 of 3rd period - Wrist shot by Teuvo Teravainen.
16:07 of 3rd period - Stopped by Daniil Tarasov with a rebound.
16:13 of 3rd period - Wrist shot by Timo Meier.
16:13 of 3rd period - Deflect By Marcus Foligno.
16:13 of 3rd period - Stopped by Daniil Tarasov with a rebound.
16:15 of 3rd period - Snap shot by Timo Meier.
16:15 of 3rd period - Stopped by Daniil Tarasov with a rebound.
16:27 of 3rd period - Adam Larsson is hit by Evgeny Kuznetsov and loses puck.
16:48 of 3rd period - Snap shot by Jesper Bratt.
16:48 of 3rd period - Shot Misses the Net.
16:50 of 3rd period - Snap shot by Vince Dunn.
16:50 of 3rd period - Shot Blocked by Mikael Granlund.
16:52 of 3rd period - Slapshot by Zach Whitecloud.
16:52 of 3rd period - Shot Blocked by Mikael Granlund.
17:11 of 3rd period - Slapshot by Cam Fowler.
17:11 of 3rd period - Stopped by Daniil Tarasov with a rebound.
17:35 of 3rd period - Zach Whitecloud is hit by Timo Meier and loses puck.
18:14 of 3rd period - Mikael Granlund is hit by Vince Dunn and loses puck.
18:19 of 3rd period - Snap shot by Nikita Kucherov.
18:19 of 3rd period - Stopped by Igor Shesterkin with a rebound.
18:35 of 3rd period - New York Rangers, Igor Shesterkin is pulled from the net.
19:11 of 3rd period - Slapshot by Tim Stutzle.
19:11 of 3rd period - Shot Blocked by Jake Walman.
19:13 of 3rd period - Snap shot by Nikita Kucherov.
19:13 of 3rd period - Goal by Nikita Kucherov - Colorado Rockies : 3 - New York Rangers : 1.
19:13 of 3rd period - Igor Shesterkin from New York Rangers was sent back in the game.
19:14 of 3rd period - Nick Schmaltz wins face-off versus Teuvo Teravainen in neutral zone.
19:19 of 3rd period - Andrew Peeke is hit by Marcus Foligno and loses puck.
19:58 of 3rd period - Icing by Quinn Hughes.
19:59 of 3rd period - Kyle Palmieri wins face-off versus Dylan Strome in Colorado Rockies zone.
Goals for this period are 2 for Colorado Rockies vs 0 for New York Rangers.
Shots for this period are 9 for Colorado Rockies vs 6 for New York Rangers.